 Dungeon Crawl Stone Soup version 0.31-a0-150-g89dc3ad700 (webtiles) character file.

Game seed: 11679600973332314760

57 qw the Shooter (level 3, -7/31 HPs)
             Began as a Minotaur Hunter on June 8, 2023.
             Mangled by a gnoll
             ... wielding a +0 flail
              (9 damage)
             ... on level 2 of the Dungeon.
             The game lasted 00:00:22 (1166 turns).

qw the Shooter (Minotaur Hunter)                    Turns: 1166, Time: 00:00:22

Health: -7/31      AC:  5    Str: 15    XL:     3   Next: 73%
Magic:  2/2        EV: 11    Int:  6    God:
Gold:   112        SH:  0    Dex: 15    Spells: 2/2 levels left

rFire   + . .        Y - +0 shortbow
rCold   . . .        (shield currently unavailable)
rNeg    . . .        g - +0 ring mail
rPois   .            (helmet restricted)
rElec   .            (no cloak)
rCorr   .            (no gloves)
SInv    .            (no boots)
Will    .....        (no amulet)
Stlth   +            e - ring of protection from fire
HPRegen 0.25/turn    (no ring)
MPRegen 0.08/turn

%: no passive effects
@: about to teleport
A: horns 2, retaliatory headbutt
a: no special abilities


You were on level 2 of the Dungeon.
You visited 1 branch of the dungeon, and saw 2 of its levels.

You collected 112 gold pieces.


Innate Abilities, Weirdness & Mutations

You have a pair of horns on your head.
You reflexively headbutt those who attack you in melee.


   Skills:
 - Level 3.2 Fighting
 + Level 5.5 Ranged Weapons
 - Level 1.0 Armour
 - Level 2.1 Dodging
 - Level 0.7 Stealth


You had 2 spell levels left.
You didn't know any spells.
Your spell library was empty.

Inventory:

Hand Weapons
 Y - a +0 shortbow (weapon)
Armour
 b - a +0 cloak
 g - a +0 ring mail (worn)
Jewellery
 e - a ring of protection from fire (left hand)
Scrolls
 a - a scroll of fear {unknown}
 c - 2 scrolls of magic mapping {unknown}
Potions
 d - a potion of curing {unknown}

Dungeon Overview and Level Annotations

Branches:
Dungeon (2/15)

Altars:


Message History

The arrow hits the gnoll!
The gnoll is severely wounded.
You hear a shout!
You shoot an arrow. The arrow hits the gnoll.
The gnoll is severely wounded.
A kobold comes into view. It is wielding a +0 short sword.
You shoot an arrow. The arrow closely misses the gnoll.
The gnoll hits you from afar with a +0 spear.
You shoot an arrow. The arrow hits the gnoll.
You kill the gnoll!
You shoot an arrow. The arrow barely misses the gnoll.
The gnoll barely misses you.
You shoot an arrow. The arrow hits the gnoll.
The gnoll is moderately wounded.
The gnoll closely misses you.
You shoot an arrow. The arrow barely misses the gnoll.
The gnoll hits you with a +0 flail!
You shoot an arrow. The arrow barely misses the gnoll.
The gnoll hits you with a +0 flail. x2; The kobold barely misses you.
You shoot an arrow. The arrow hits the gnoll.
The gnoll is heavily wounded.
The gnoll hits you with a +0 flail. The kobold closely misses you.
You shoot an arrow.
The arrow hits the gnoll but does no damage.
The gnoll is heavily wounded.
The gnoll barely misses you. The kobold barely misses you.
You shoot an arrow.
The arrow hits the gnoll but does no damage.
The gnoll is heavily wounded.
The gnoll hits you with a +0 flail!
The kobold hits you with a +0 short sword.
1164 ||| READING scroll of teleportation.
As you read the scroll of teleportation, it crumbles to dust.
You feel strangely unstable. The gnoll hits you with a +0 flail.
The kobold barely misses you.
You shoot an arrow. The arrow barely misses the gnoll.
The gnoll barely misses you. The kobold hits you but does no damage.
You shoot an arrow. The arrow barely misses the gnoll.
The gnoll hits you with a +0 flail!
You die...

#............ #.. #.##.#####.##
#.. #.##.# #.# #.# #.. #.##.# #.#
#.# .# #.. #.##.## #.## #.# .#
#.) #.#...## #... #.# .# #.)
#)..#..######
##.###.#######.g#####..###..#
#...#..........K@.......#...#####
#.....#.........#~#.###........(.
#...#....#.###..~~~.#####%#.###.#
.......#.# #...~~......#..# #.#
.....<...# ...###~~###.###.###.#
##.####### #### #~~##.## ##.....
#.# #.~###%###.###.# #.# #.~#
#..#..###^# #.# #~~###..........


You could see a gnoll and a kobold.

Vanquished Creatures
  4 gnolls
  2 endoplasms (D:2)
  2 goblins (D:2)
  2 hobgoblins (D:2)
  3 quokkas
  2 ball pythons
  2 bats (D:1)
  A frilled lizard (D:2)
  2 kobolds
  A rat (D:2)
21 creatures vanquished.

Notes
Turn   | Place    | Note
-------+----------+-------------------------------------------
     0 | D:1      | qw the Minotaur Hunter began the quest for the Orb.
     0 | D:1      | Reached XP level 1. HP: 18/18 MP: 0/0
     0 | D:1      | 0 ||| qw: Version: 0.2-a-119-g7aa9181
     0 | D:1      | 0 ||| qw: Game counter: 2861
     0 | D:1      | 0 ||| qw: Always use a shield: true
     0 | D:1      | 0 ||| qw: God list: Okawaru
     0 | D:1      | 0 ||| qw: Allow faded altars: false
     0 | D:1      | 0 ||| qw: Do Orc after D:15 true
     0 | D:1      | 0 ||| qw: Do second Lair branch before Depths: true
     0 | D:1      | 0 ||| qw: Lair rune preference: random
     0 | D:1      | 0 ||| qw: Plans: Normal
     0 | D:1      | 0 ||| PLANNING D:1-11
    98 | D:1      | Reached skill level 5 in Ranged Weapons
    98 | D:1      | Reached XP level 2. HP: 25/25 MP: 1/1
   584 | D:1      | 584 ||| UPGRADING to +0 ring mail.
   594 | D:1      | 594 ||| DROPPING +0 leather armour.
   595 | D:1      | 595 ||| UPGRADING to ring of protection from fire.
   596 | D:1      | 596 ||| READING scroll labelled YSCHE KAOZAINK.
   597 | D:1      | 597 ||| READING scroll labelled QIACIE YL KAE.
   601 | D:1      | 601 ||| DROPPING scroll of butterflies.
   818 | D:2      | Reached skill level 1 in Armour
   906 | D:2      | Reached skill level 3 in Fighting
   906 | D:2      | Reached XP level 3. HP: 21/31 MP: 2/2
  1163 | D:2      | HP: 5/31 [gnoll/+0 flail (7)]
  1164 | D:2      | 1164 ||| READING scroll of teleportation.
  1164 | D:2      | HP: 1/31 [gnoll/+0 flail (3)]
  1166 | D:2      | Mangled by a gnoll

Levels and vault maps discovered:
D:1:      evilmike_arrival_fibonacci_small, layout_basic
D:2:      layout_loops_ring, chequers_serial_rivers_small_a,
          amcnicky_mini_rare_corridor_liquid, dreamdust_princess_bridge

Skill      XL: |  1  2 |
---------------+-------+-----
Ranged Weapons | 5 |  5.5
Armour         | 1 |  1.0
Fighting       | 3 |  3.2
Dodging        | |  2.1
Stealth        | |  0.7

Action                     || total
---------------------------++-------
   Fire: Shortbow          ||    77
    Use: Scroll            ||     3
 Armour: Ring mail         ||     4
  Dodge: Dodged            ||    20

Table legend:
 A = Non-vault XP
 B = Vault XP
 C = Vault XP percentage of total XP
 D = Non-vault monster count
 E = Vault monster count
 F = Vault count percentage of total count
                 A         B        C        D         E       F
            +---------+---------+-------+---------+---------+-------
      Total |      82 |       0 |   0.0 |      21 |       0 |   0.0
            +---------+---------+-------+---------+---------+-------
        D:1 |      21 |       0 |   0.0 |       6 |       0 |   0.0
        D:2 |      61 |       0 |   0.0 |      15 |       0 |   0.0
            +---------+---------+-------+---------+---------+-------
